 Dungeon Crawl Stone Soup version 0.20.1-1-g8b1a95d (webtiles) character file.

65 Monsterracer the Skirmisher (level 3, -2/33 HPs)
             Began as a Minotaur Fighter on Aug 27, 2017.
             Killed from afar by a white imp (8 damage)
             ... with a puff of frost
             ... summoned by Natasha
             ... on level 2 of the Dungeon.
             The game lasted 00:02:05 (751 turns).

Monsterracer the Skirmisher (Minotaur Fighter)       Turns: 751, Time: 00:02:05

Health: -2/33      AC:  7    Str: 21    XL:     3   Next: 92%
Magic:  2/2        EV:  7    Int:  5    God:
Gold:   34         SH:  9    Dex:  9    Spells: 2/2 levels left

rFire    . . .     SeeInvis .   a - +0 flail
rCold    . . .     Gourm    .   c - +0 shield
rNeg     . . .     Faith    .   b - +0 scale mail
rPois    .         Spirit   .   (helmet restricted)
rElec    .         Reflect  .   (no cloak)
rCorr    .         Harm     .   (no gloves)
MR       .....                  (no boots)
Stlth    ..........             (no amulet)
Regen    0.2/turn               (no ring)
MPRegen  0.1/turn               (no ring)

@: no status effects
A: retaliatory headbutt, horns 2
a: no special abilities


You were on level 2 of the Dungeon.
You were not hungry.

You visited 1 branch of the dungeon, and saw 2 of its levels.

You collected 34 gold pieces.

Inventory:

Hand Weapons
 a - a +0 flail (weapon)
Armour
 b - a +0 scale mail (worn)
 c - a +0 shield (worn)
Jewellery
 k - an uncursed ring of fire
Scrolls
 e - a scroll of teleportation {unknown}
 g - a scroll of blinking {unknown}
 j - a scroll of enchant armour {unknown}
 l - a scroll of random uselessness {unknown}
 n - a scroll of fog {unknown}
 o - a scroll of magic mapping {unknown}
Potions
 d - a potion of might
 i - a potion of degeneration {unknown}
 m - a potion of mutation {unknown}
Comestibles
 f - a bread ration
 h - a meat ration


   Skills:
 + Level 4.2 Fighting
 * Level 3.9 Maces & Flails
 + Level 4.0 Armour
 + Level 0.9 Dodging
 + Level 3.8 Shields


You had 2 spell levels left.
You didn't know any spells.

Dungeon Overview and Level Annotations

Branches:
Dungeon (2/15)

Altars:
Dithmenos

Annotations:
D:2 Natasha


Innate Abilities, Weirdness & Mutations

You reflexively headbutt those who attack you in melee.
You have a pair of horns on your head.


Message History

You closely miss Natasha. Your headbutt misses Natasha. Natasha claws you.
* * * LOW HITPOINT WARNING * * *
The white imp hits you but does no damage.
Natasha claws you.
* * * LOW HITPOINT WARNING * * *
Huge Dmg: -21%(-7hp) hp: 31%(10hp) Unknown command.
You closely miss Natasha. The white imp hits you.
* * * LOW HITPOINT WARNING * * *
The white imp freezes you.
* * * LOW HITPOINT WARNING * * *
You block Natasha's attack.
Huge Dmg: -15%(-5hp) hp: 16%(5hp)
You closely miss Natasha. You block the white imp's attack.
Natasha claws you but does no damage.
You thump Natasha! Your headbutt misses Natasha.
Natasha is heavily wounded.
The white imp gestures at you. The puff of frost hits you!
You die...

##........##.#
#..........#.#
#.........?#.#####
#..........#....%##
#.................##
#........_.........#
##†................#
#.(................#
#))...........@h...#
#<.............5...#
#†.................#
#######............#
##...........#
#.#.........#
#.#.........#
+.#........##
+........


You could see Natasha and a white imp.

Vanquished Creatures
  An adder (D:1)
  2 dart slugs (D:1)
  3 leopard geckos (D:1)
  3 giant cockroaches (D:1)
  7 goblins
  8 hobgoblins
  4 jackals
  4 kobolds (D:1)
  3 bats
  3 frilled lizards (D:1)
  6 rats
44 creatures vanquished.

Vanquished Creatures (others)
  6 toadstools (D:2)
6 creatures vanquished.

Grand Total: 50 creatures vanquished

Notes
Turn   | Place    | Note
-------+----------+-------------------------------------------
     0 | D:1      | Monsterracer the Minotaur Fighter began the quest for the Orb.
     0 | D:1      | Reached XP level 1. HP: 19/19 MP: 0/0
    53 | D:1      | Reached XP level 2. HP: 23/27 MP: 1/1
   264 | D:1      | Reached XP level 3. HP: 33/33 MP: 2/2
   699 | D:2      | Found a shadowy altar of Dithmenos.
   743 | D:2      | Noticed Natasha
   748 | D:2      | HP: 13/33 [Natasha (4)]
   749 | D:2      | HP: 5/33 [white imp[Natasha] (3)]
   751 | D:2      | Killed from afar by a white imp

Skill      XL: |  1  2  3 |
---------------+----------+-----
Maces & Flails | 3 |  3.9
Fighting       | 4 |  4.2
Armour         | 4 |  4.0
Dodging        | |  0.9
Shields        | |  3.8

Action                   || total
-------------------------++-------
Melee: Flail             ||   101
       Headbutt          ||     8
Armor: Scale mail        ||    58
Dodge: Dodged            ||    46
Block: Shield            ||    60
